 Dungeon Crawl Stone Soup version 0.26-a0-1126-g3318b609a0 (webtiles) character file.

Game seed: 12757000784412830485

10556 sahdkjhfkaj the Thaumaturge (level 11, -3/54 HPs)
             Began as a Gargoyle Ice Elementalist on Dec 18, 2020.
             Was an Initiate of Gozag.
             Slain by a komodo dragon (24 damage)
             ... on level 1 of the Lair of Beasts.
             The game lasted 00:36:51 (19503 turns).

sahdkjhfkaj the Thaumaturge (GrIE)                 Turns: 19503, Time: 00:36:52

Health: -3/54      AC: 26    Str: 12    XL:     11   Next: 64%
Magic:  20/25      EV: 12    Int: 19    God:    Gozag
Gold:   1111       SH:  5    Dex: 10    Spells: 9/30 levels left

rFire    x . .     SeeInvis .   a - +8 whip "Snakebite" {curare, rPois}
rCold    + . .     Faith    .   (no shield)
rNeg     + . .     Spirit   .   F - +2 robe {Will+}
rPois    ∞         Reflect  +   j - +1 helmet
rElec    +         Harm     .   (no cloak)
rCorr    .         Rampage  .   i - +2 pair of gloves
Will     +....                  (no boots)
Stlth    ++........             I - amulet of reflection
HPRegen  0.18/turn              D - ring of ice
MPRegen  0.19/turn              C - ring of wizardry

@: icy armour, gold aura, frozen ramparts
A: negative energy resistance 1, electricity resistance, unbreathing,
petrification resistance, miasma immunity, AC +8
a: Renounce Religion, Potion Petition, Call Merchant, Bribe Branch


You were on level 1 of the Lair of Beasts.
You worshipped Gozag.
Gozag was most pleased with you.
You visited 2 branches of the dungeon, and saw 12 of its levels.

You collected 2533 gold pieces.
You spent 693 gold pieces at shops.
You paid 729 gold pieces to Gozag.

Inventory:

Hand Weapons
 a - the +8 whip "Snakebite" (weapon) {curare, rPois}
   (You found it on level 1 of the Lair of Beasts)

   It poisons the flesh of those it strikes.
   It protects you from poison.
 b - the +7 war axe of Tenacity {vorpal, rF+}
   (You found it on level 1 of the Lair of Beasts)

   It inflicts extra damage upon your enemies.
   It protects you from fire.
Armour
 i - a +2 pair of gloves (worn)
 j - a +1 helmet (worn)
 v - a +2 kite shield
 F - a +2 robe of willpower (worn)
Jewellery
 s - an uncursed ring of protection from fire
 y - an uncursed ring of protection from cold
 C - a ring of wizardry (right hand)
 D - a ring of ice (left hand)
 G - an uncursed ring of positive energy
 I - an amulet of reflection (around neck)
Wands
 d - a wand of polymorph (12)
 t - a wand of digging (13)
 z - a wand of random effects (34)
 B - a wand of enslavement (16)
 H - a wand of disintegration (16)
 L - a wand of flame (11)
Scrolls
 c - 5 scrolls of remove curse
 g - a scroll of enchant weapon
 h - 2 scrolls of fear
 m - a scroll of amnesia
 n - 2 scrolls of magic mapping
 o - 3 scrolls of fog
 x - 3 scrolls of enchant armour
 E - a scroll of immolation
 J - a scroll of brand weapon
 K - 5 scrolls of teleportation {!r}
Potions
 e - 4 potions of heal wounds
 f - a potion of haste {unknown}
 k - 3 potions of curing
 l - 3 potions of brilliance
 p - 4 potions of lignification
 q - 3 potions of flight {unknown}
 r - a potion of resistance
 u - a potion of magic {unknown}
 w - 3 potions of ambrosia {unknown}
 A - 3 potions of attraction {unknown}


   Skills:
 - Level 2.0 Maces & Flails
 - Level 1.5 Dodging
 - Level 2.1 Stealth
 - Level 10.0 Spellcasting
 - Level 6.6 Summonings
 - Level 8.8 Ice Magic
 - Level 10.0 Earth Magic
 + Level 4.5 Evocations


You had 9 spell levels left.
You knew the following spells:

 Your Spells              Type           Power        Failure   Level
a - Freeze                Ice            100%         1%          1
d - Lee's Rapid Deconstr  Erth           23%          1%          5
e - Borgnjor's Vile Clut  Necr/Erth      14%          11%         5
A - Summon Ice Beast      Ice/Summ       55%          1%          4
C - Frozen Ramparts       Ice            100%         1%          3
O - Ozocubu's Armour      Ice            59%          1%          3

Your spell library contained the following spells:

 Spells                   Type           Power        Failure   Level
 Sandblast                Erth           94%          1%          1
 Summon Small Mammal      Summ           100%         1%          1
 Stone Arrow              Conj/Erth      56%          1%          3
 Animate Skeleton         Necr           18%          3%          1
 Apportation              Tloc           18%          3%          1
 Corona                   Hex            10%          3%          1
 Hailstorm                Conj/Ice       39%          4%          4
 Bolt of Magma            Conj/Fire/Erth 11%          21%         5


Dungeon Overview and Level Annotations

Branches:
Dungeon (10/15)            Temple (0/1) D:6            Lair (2/6) D:8
  Swamp: Lair:2-4    Shoals: Lair:2-4     Snake: Lair:2-4    Spider: Lair:2-4
    Orc: D:9-12

Altars:
Ashenzari
Cheibriados
Elyvilon
Fedhas
Gozag
Kikubaaqudgha
Qazlal
Ru
Trog
Vehumet
Xom
Yredelemnul
Zin

Shops:
D:3 *   D:6 *   Lair:1 =

Annotations:
Lair:1 exclusion: oklob plant


Innate Abilities, Weirdness & Mutations

You are resistant to torment.
Your stone body is resilient. (AC +8)
You are immune to poison.
You resist negative energy. (rN+)
You are resistant to electric shocks. (rElec)
You can survive without breathing.
You are immune to petrification.
You are immune to miasma.


Message History

You hit the yak.
The yak is poisoned.
The yak looks as sick as possible!
The yak convulses.
The yak seems to slow down.
The yak is severely wounded.
The wall freezes the yak.
The wall freezes the yak!
You kill the yak!
The +8 whip "Snakebite" {curare, rPois} stops dripping with poison.
b - the +7 war axe of Tenacity (weapon)
{vorpal, rF+} The wall freezes the yak.
The +8 whip "Snakebite" {curare, rPois} begins to drip with poison!
a - the +8 whip "Snakebite" (weapon)
{curare, rPois} You hit the komodo dragon but do no damage.
The komodo dragon is poisoned.
The komodo dragon looks as sick as possible!
The komodo dragon convulses.
The komodo dragon seems to be slow for longer.
The komodo dragon is lightly wounded.
The wall freezes the komodo dragon.
The komodo dragon seems to slow down.
The komodo dragon bites you!!
You die...
Your body crumbles into a pile of gold.

............+.+..#..............#
...........#.8.####.....(.......#
.........#.#...#####.............
#.......##.......##.............#
#......##.........##............#
......##............#...........#
.....##....#....#...##..........#
#....#....##.8.##....#..........#
.#...#...###.(.#@##..##..........
....#...###...Yl###[..#..........
....#>.8##...>..# #8.8#.........#
........##......###...#.........#
....#...####....##...##......#..#
.....#....##.8.###.........P##...
.....#....#....##....#..<######.#
......#.............#∩).## ##..
.....#.##.........##...#######...


You could see a komodo dragon (extremely poisoned, slow) and a yak.

Vanquished Creatures
  A black mamba (Lair:1)
  A cane toad (Lair:1)
  2 komodo dragons (Lair:1)
  2 hornets
  Sigmund (D:6)
  4 blink frogs
  4 yaks (Lair:1)
  A basilisk (Lair:1)
  Menkaure (D:7)
  9 water moccasins (Lair:1)
  An ice beast (D:8)
  An orc warrior (D:10)
  4 sky beasts
  6 centaurs
  3 ogres
  6 wolves (Lair:1)
  The ghost of DarkMailMan the Insei, an amateur OpTm of Cheibriados (D:4)
  A big kobold (D:7)
  7 bullfrogs
  An elf skeleton (D:6)
  2 scorpions
  14 killer bees
  2 wights
  A howler monkey (D:10)
  A centaur zombie (D:5)
  A bullfrog zombie (D:6)
  5 hounds
  2 jellies
  2 quasits
  9 orc priests
  A bullfrog skeleton (D:5)
  2 iguanas
  11 orc wizards
  A centaur skeleton (D:5)
  2 human skeletons (D:6)
  Ijyb (D:4)
  7 worker ants
  A killer bee zombie (D:10)
  A hound zombie (D:5)
  A hound skeleton (D:5)
  5 gnolls (D:3)
  9 adders
  3 shadow imps
  2 white imps
  An ufetubus (D:7)
  An ooze (D:4)
  An adder zombie (D:5)
  4 adder skeletons
  6 worms
  2 dart slugs
  5 leopard geckos
  54 orcs
  8 giant cockroaches
  2 gnoll zombies (D:5)
  8 goblins
  17 hobgoblins
  4 jackals (D:4)
  8 kobolds
  5 quokkas
  3 ball pythons
  7 bats
  9 frilled lizards
  A jackal zombie (D:2)
  A leopard gecko zombie (D:7)
  3 orc skeletons (D:6)
  An orc zombie (D:6)
  2 quokka skeletons
  7 rats
303 creatures vanquished.

Vanquished Creatures (collateral kills)
  A hydra (Lair:1)
  A blink frog (Lair:1)
  A wraith (D:10)
  An eye of draining (D:10)
  An orc warrior (D:10)
  4 phantoms
  An ice beast (D:10)
  A necrophage (D:8)
  An ogre (D:9)
  2 elf zombies (D:6)
  A wyvern zombie (D:6)
  2 elf skeletons (D:6)
  10 wights
  A hound (D:10)
  An orc wizard (D:7)
  A shadow imp (D:10)
  A white imp (D:7)
  An orc (D:7)
32 creatures vanquished.

Vanquished Creatures (others)
  An orc warrior (D:7)
  An ogre (D:7)
  A centaur (D:7)
  A bullfrog (D:7)
  4 killer bees (D:7)
  An orc wizard (D:7)
  A hound skeleton (D:7)
  An adder (D:7)
  A leopard gecko skeleton (D:7)
  A fungus (Lair:1)
  3 plants
16 creatures vanquished.

Grand Total: 351 creatures vanquished

Notes
Turn   | Place    | Note
-------+----------+-------------------------------------------
     0 | D:1      | sahdkjhfkaj the Gargoyle Ice Elementalist began the quest
                  | for the Orb.
     0 | D:1      | Reached XP level 1. HP: 10/10 MP: 3/3
   192 | D:1      | Reached XP level 2. HP: 2/15 MP: 0/5
  1019 | D:1      | Reached XP level 3. HP: 19/19 MP: 3/6
  1027 | D:1      | Learned a level 3 spell: Frozen Ramparts
  1739 | D:2      | Reached skill level 5 in Ice Magic
  1918 | D:2      | Found a blossoming altar of Fedhas.
  1958 | D:2      | Reached XP level 4. HP: 17/24 MP: 1/7
  2085 | D:2      | Learned a level 4 spell: Summon Ice Beast
  2146 | D:2      | Reached skill level 1 in Summonings
  2148 | D:2      | Reached XP level 5. HP: 22/28 MP: 2/8
  2284 | D:2      | Found a white marble altar of Elyvilon.
  2325 | D:2      | Became a worshipper of Elyvilon the Healer
  2784 | D:3      | Found Zin's Purification Station.
  2784 | D:3      | Found a glowing silver altar of Zin.
  3153 | D:3      | Reached XP level 6. HP: 31/32 MP: 4/9
  3215 | D:3      | Reached * piety under Elyvilon
  3277 | D:3      | Found an opulent altar of Gozag.
  3361 | D:3      | Fell from the grace of Elyvilon
  3361 | D:3      | Became a worshipper of Gozag Ym Sagoz the Greedy
  3489 | D:3      | Found a bloodstained altar of Trog.
  4253 | D:4      | Noticed Ijyb
  4262 | D:4      | Killed Ijyb
  4269 | D:4      | Noticed DarkMailMan's ghost (amateur OpTm)
  4280 | D:4      | Found a runed translucent door.
  4521 | D:4      | Killed DarkMailMan's ghost
  4522 | D:4      | Reached skill level 5 in Summonings
  4522 | D:4      | Reached XP level 7. HP: 25/36 MP: 4/10
  5352 | D:4      | Found a radiant altar of Vehumet.
  5576 | D:5      | Entered Level 5 of the Dungeon
  6969 | D:5      | Reached XP level 8. HP: 41/41 MP: 7/13
  7336 | D:5      | Found a broken altar of Ashenzari.
  7812 | D:5      | Found a basalt altar of Yredelemnul.
  8054 | D:5      | Found a stormy altar of Qazlal.
  8055 | D:5      | Noticed a water elemental
  8055 | D:5      | Noticed an air elemental
  8171 | D:6      | Found a blossoming altar of Fedhas.
  8494 | D:6      | Found Saottum's Elemental Accessories.
  8500 | D:6      | Bought the Papyrus of the Rocks for 693 gold pieces
  8506 | D:6      | Learned a level 5 spell: Borgnjor's Vile Clutch
  9215 | D:6      | HP: 2/41 [wyvern zombie (12)]
  9566 | D:6      | Reached skill level 5 in Spellcasting
  9651 | D:6      | Noticed Sigmund
  9652 | D:6      | Found a staircase to the Ecumenical Temple.
 10140 | D:6      | Killed Sigmund
 10497 | D:6      | Reached XP level 9. HP: 39/45 MP: 12/18
 11146 | D:6      | Found a snail-covered altar of Cheibriados.
 11922 | D:7      | Reached skill level 1 in Evocations
 12039 | D:7      | Noticed Menkaure
 12047 | D:7      | Killed Menkaure
 12290 | D:7      | Found a shimmering altar of Xom.
 13150 | D:8      | Found a staircase to the Lair.
 13497 | D:8      | Reached XP level 10. HP: 40/50 MP: 17/22
 14238 | D:8      | Learned a level 5 spell: Lee's Rapid Deconstruction
 14287 | D:9      | Found an ancient bone altar of Kikubaaqudgha.
 14368 | D:9      | Reached skill level 1 in Earth Magic
 15045 | D:9      | Learned a level 3 spell: Ozocubu's Armour
 15414 | D:9      | Found a sacrificial altar of Ru.
 15480 | D:10     | Entered Level 10 of the Dungeon
 16429 | D:10     | Reached skill level 5 in Earth Magic
 17325 | Lair:1   | Entered Level 1 of the Lair of Beasts
 17472 | D:8      | Reached XP level 11. HP: 39/54 MP: 20/24
 17612 | Lair:1   | Noticed an oklob plant
 17679 | Lair:1   | Reached skill level 10 in Spellcasting
 17962 | Lair:1   | Found the +8 whip "Snakebite" {curare, rPois}
 18230 | Lair:1   | Reached skill level 1 in Maces & Flails
 18551 | Lair:1   | Noticed an eight-headed hydra
 18559 | Lair:1   | Killed an eight-headed hydra
 19356 | Lair:1   | Got a brightly glowing war axe
 19357 | Lair:1   | Identified the +7 war axe of Tenacity {vorpal, rF+} (You
                  | found it on level 1 of the Lair of Beasts)
 19422 | Lair:1   | Reached skill level 10 in Earth Magic
 19503 | Lair:1   | Slain by a komodo dragon

Illustrated notes

Levels and vault maps discovered:
D:1:      dpeg_arrival_signposts, layout_loops_ring, minmay_distorted
D:2:      layout_basic, nicolae_overflow_crystal_walls, lemuel_doored_altar,
          serial_undead, serial_undead_b, serial_undead_c, serial_undead_e,
          serial_undead_a, minmay_diced_spiral
D:3:      corexii_shack_village, layout_basic,
          nicolae_gozag_cash_rules_everything_around_me, zin_purify,
          general_overflow_altar, cheibrodos_gnoll_hut
D:4:      minmay_inner_zag, layout_basic, lemuel_crystal_altar,
          hellmonk_ghost_happy_afterlife, uniq_ijyb
D:5:      layout_cave_pools, lemuel_zombie_altar_yredelemnul,
          old_standard_altar, nicolae_qazlal_style_of_elements
D:6:      layout_basic, kennysheep_slug_shrine, minmay_temple_entry_arrows,
          nicolae_ossuary_entry_catacombs, nicolae_elemental_shop,
          fedhas_altar_4, uniq_sigmund
D:7:      layout_basic, xom_confusion_cloud, minmay_fractal_squares_5,
          uniq_menkaure
D:8:      layout_layer_cave, lair_entry_dummy
D:9:      layout_loops_ring, kennysheep_mini, old_standard_altar
D:10:     layout_loops_corners
Lair:1:   minmay_guarded_unrand_snakebite, layout_cave_pods,
          minmay_lair_oklob_bushes, lemuel_fruit_tree, grunt_megastairs_5
Lair:2:   layout_cave_pods, nicolae_spider_entry_orb_guardian, basic_altar

Skill      XL: |  1  2  3  4  5  6  7  8  9 10 11 |
---------------+----------------------------------+-----
Ice Magic      | 5 6 8 |  8.8
Summonings     | 2 3 5 6 |  6.6
Spellcasting   | 3 6 8 9 10 | 10.0
Evocations     | 3 4 |  4.5
Earth Magic    | 6 10 | 10.0
Maces & Flails | 2 |  2.0
Dodging        | |  1.5
Stealth        | |  2.1

Action                   |  1- 3 |  4- 6 |  7- 9 | 10-12 || total
-------------------------+-------+-------+-------+-------++-------
Melee: Unarmed           |    90 |    91 |   341 |       ||   522
       Dagger            |       |       |   363 |   339 ||   702
       Whip              |       |       |       |    37 ||    37
       War axe           |       |       |       |    10 ||    10
 Cast: Freeze            |    40 |    84 |   159 |    10 ||   293
       Frozen Ramparts   |     3 |     7 |    29 |    32 ||    71
       Summon Ice Beast  |       |       |    48 |    32 ||    80
       Ozocubu's Armour  |       |       |       |    14 ||    14
Invok: Call Merchant     |       |       |       |     1 ||     1
Evoke: Wand              |       |       |     1 |       ||     1
  Use: Scroll            |     1 |     7 |     7 |     2 ||    17
       Potion            |       |       |     2 |       ||     2
 Stab: Sleeping          |     2 |     2 |     4 |     4 ||    12
       Distracted        |       |       |     1 |     2 ||     3
       Confused          |       |       |     1 |       ||     1
Armor: Robe              |    61 |    67 |   416 |   238 ||   782
Dodge: Dodged            |    88 |    86 |   570 |   244 ||   988
Block: Other             |       |       |       |    17 ||    17

Table legend: (Time is in decaauts)
 A = Elapsed time spent in this place.
 B = Non-inter-level travel time spent in this place.
 C = Inter-level travel time spent in this place.
 D = Time resting spent in this place.
 E = Time spent auto-exploring this place.
 F = Levels seen in this place.
 G = Mean time per level.
                   A        B        C        D        E       F      G
               +--------+--------+--------+--------+--------+-----+--------+
         Total |  19535 |  18906 |    629 |   2007 |  12924 |  12 | 1627.9 |
       Dungeon |  17544 |  17088 |    456 |   1947 |  11481 |  10 | 1754.4 |
          Lair |   1991 |   1819 |    172 |     60 |   1443 |   2 |  995.5 |
               +--------+--------+--------+--------+--------+-----+--------+

Top non-repeatable levels by time:
     D:6: 3338 daAuts
     D:4: 2426 daAuts
  Lair:1: 1935 daAuts
     D:5: 1880 daAuts
    D:10: 1789 daAuts
     D:1: 1578 daAuts
     D:3: 1471 daAuts
     D:7: 1353 daAuts
     D:8: 1304 daAuts
     D:9: 1278 daAuts
     D:2: 1123 daAuts
  Lair:2: 56 daAuts
